 Dungeon Crawl Stone Soup version 0.31-a0-1338-gb567cfdca4 (webtiles) character file.

Game seed: 15208998393686272771

364 cowhearter the Sneak (level 6, -3/35 (38) HPs)
             Began as an Octopode Shapeshifter on Dec 21, 2023.
             Slain by Edmund
             ... wielding a +0 flail of draining
              (5 damage)
             ... on level 5 of the Dungeon.
             The game lasted 00:05:18 (3836 turns).

cowhearter the Sneak (Octopode Shapeshifter)        Turns: 3836, Time: 00:05:22

HP:   -3/35 (38)    AC:  1    Str: 13    XL:     6   Next: 67%
MP:   6/6           EV: 13    Int: 19    God:
Gold: 236           SH:  0    Dex: 13    Spells: 5/5 levels left

rFire   . .          .
                       - Unarmed
rCold   . . .        (no shield)
rNeg    . . .        (helmet currently unavailable)
rPois   .            (no amulet)
rElec   .            l - +6 ring of intelligence
rCorr   .            (no ring)
SInv    .            (no ring)
Will    .....        (no ring)
Stlth   ++++         (no ring)
HPRegen 0.25/turn    (no ring)
MPRegen 0.10/turn    (no ring)
                     (no ring)

%: no passive effects
@: beast-form, drained
A: beast (slay +2), almost no armour, amphibious, 8 rings, camouflage 1,
gelatinous body 1, (nimble swimmer 1), tentacles
a: Begin Untransformation


You were on level 5 of the Dungeon.
You were a hulking beast.
You visited 1 branch of the dungeon, and saw 5 of its levels.

You collected 236 gold pieces.

Inventory:

Hand Weapons
 d - a +2 dagger of venom
Jewellery
 l - a +6 ring of intelligence (left tentacle)
Talismans
 b - a beast talisman (active)
 c - a flux talisman
Wands
 m - a wand of flame (8)
Scrolls
 e - a scroll of acquirement {unknown}
 h - 4 scrolls of identify {unknown}
 j - 3 scrolls of teleportation {unknown}
 k - a scroll of enchant armour {unknown}
 r - a scroll of fog {unknown}
 s - a scroll of fear {unknown}
 t - a scroll of revelation {unknown}
 u - a scroll of vulnerability {unknown}
Potions
 a - 2 potions of lignification
 f - 4 potions of curing {unknown}
 g - a potion of brilliance {unknown}
 i - 3 potions of haste {unknown}
 n - a potion of degeneration {unknown}
 o - a potion of heal wounds {unknown}
 p - 2 potions of enlightenment {unknown}
 q - a potion of might {unknown}


   Skills:
 + Level 1.4 Fighting
 + Level 2.6 Dodging
 + Level 5.0 Stealth
 + Level 4.9 Unarmed Combat
 + Level 4.1 Shapeshifting


You had 5 spell levels left.
You didn't know any spells.
Your spell library contained the following spells:

 Spells                   Type           Power      Damage    Failure   Level
 Sting                    Conj/Alch      0%         1d3       21%         1
 Mercury Vapours          Alch/Air       0%         N/A       30%         2
 Sublimation of Blood     Necr           0%         N/A       30%         2
 Olgreb's Toxic Radiance  Alch           0%         N/A       90%         4
 Petrify                  Alch/Erth      0%         N/A       90%         4
 Vhi's Electric Charge    Tloc/Air       0%         N/A       90%         4
 Arcjolt                  Conj/Air       0%         1d10      99%         5
 Irradiate                Conj/Alch      0%         3d11      99%         5
 Plasma Beam              Fire/Air       0%         2x1d10    100%        6


Dungeon Overview and Level Annotations

Branches:
Dungeon (5/15)
 Temple: D:4-7

Altars:
The Shining One

Shops:
D:4 (*[

Annotations:
D:5 Edmund


Innate Abilities, Weirdness & Mutations

You are a hulking beast.
Your limbs bulge with bestial killing power. (Slay +2)
You cannot wear most types of armour.
You are amphibious.
You can wear up to eight rings at the same time.
Your skin changes colour to match your surroundings (Stealth+).
Your rubbery body absorbs attacks. (AC +1, EV +1)
((You are camouflaged when in or above water. (Stealth+)))
You have tentacles for arms and can constrict up to eight enemies at once.


Message History

The adder bites you.
You are poisoned.
The adder poisons you!
You miss the adder. Your grab misses the adder.
The adder is heavily wounded.
You feel sick. The adder closely misses you.
You closely miss the adder. You grab the adder.
The adder is heavily wounded.
You constrict the adder.
You feel sick. The adder misses you.
You tentacle-slap the adder. You squeeze the adder.
You kill the adder!
You feel sick. Edmund closely misses you.
Your Stealth skill increases to level 5!
You bludgeon Edmund! You grab Edmund.
Edmund is lightly wounded.
You constrict Edmund, but do no damage.
You feel sick. Edmund barely misses you.
You tentacle-slap Edmund. You squeeze Edmund, but do no damage.
Edmund is moderately wounded.
You constrict Edmund, but do no damage.
You feel sick.
You are no longer poisoned.
Edmund hits you with a +0 flail of draining!
You feel drained.
You are too injured to fight recklessly!
You are too injured to fight recklessly!
You are too injured to fight recklessly!
You are too injured to fight recklessly!
You are too injured to fight recklessly!
You tentacle-slap Edmund.
Edmund is moderately wounded.
You constrict Edmund. You bludgeon Edmund!
Edmund is heavily wounded.
You constrict Edmund.
Edmund says, "I might not be good at magic, but I can still kill you!"
Edmund hits you with a +0 flail of draining!
* * * LOW HITPOINT WARNING * * *
You feel drained.
You die...
Edmund whines, "They better pay attention to me now!"

#.....# ###.....#
######## #.....[.#
#......+ +.......#
#......# #.......#
#......# #.......+ #...#
#...†@..#
##...######+##..h...#
.............#......#
.............#......#
.............#......#
##.####.##...#......#
##+####.##...##'#.......
....#...........#.......
....#...........+.......
....+...........#.......


You could see Edmund.

Vanquished Creatures
  A black bear (D:4)
  An ogre (D:4)
  An iguana (D:5)
  3 gnolls
  6 adders
  2 worms
  A dart slug (D:1)
  6 orcs
  4 bats
  3 endoplasms
  A giant cockroach (D:1)
  7 hobgoblins
  4 quokkas
  10 ball pythons
  7 frilled lizards
  8 goblins
  9 kobolds
  7 rats
81 creatures vanquished.

Notes
Turn   | Place    | Note
-------+----------+-------------------------------------------
     0 | D:1      | cowhearter the Octopode Shapeshifter began the quest for
                  | the Orb.
     0 | D:1      | Reached XP level 1. HP: 13/13 MP: 1/1
   112 | D:1      | Reached XP level 2. HP: 15/18 MP: 2/2
   641 | D:1      | Reached XP level 3. HP: 22/23 MP: 3/3
  1063 | D:2      | Reached skill level 1 in Stealth
  1354 | D:2      | Reached XP level 4. HP: 28/28 MP: 4/4
  1724 | D:2      | Reached skill level 2 in Stealth
  2018 | D:3      | Reached skill level 3 in Stealth
  2269 | D:3      | Reached XP level 5. HP: 33/33 MP: 5/5
  2334 | D:3      | Found a glowing golden altar of the Shining One.
  2657 | D:4      | Noticed a black bear
  2677 | D:4      | Killed a black bear
  2678 | D:4      | Reached skill level 4 in Stealth
  2775 | D:4      | Found Sooluquubb's Weapon Shop.
  2808 | D:4      | Noticed an ogre
  2817 | D:4      | Killed an ogre
  2818 | D:4      | Reached XP level 6. HP: 24/38 MP: 6/6
  2907 | D:4      | Found Pitzil's Assorted Antiques.
  2985 | D:4      | Found Tistrype's Antique Armour Boutique.
  3531 | D:5      | Entered Level 5 of the Dungeon
  3826 | D:5      | Noticed Edmund
  3833 | D:5      | Reached skill level 5 in Stealth
  3836 | D:5      | Slain by Edmund

Illustrated notes

Levels and vault maps discovered:
D:1:      minmay_arrival_five_plusses, layout_basic, nicolae_eternal_life,
          hex_tiny, kennysheep_crisscross
D:2:      layout_basic, minmay_misc_feat_tiny, kennysheep_cluttered_room
D:3:      layout_rooms, tso_oasis_becter
D:4:      layout_loops_ring, serial_shops, shop, shop, shop
D:5:      layout_gridville, nicolae_ru_path_of_blood, uniq_edmund

Skill      XL: |  1  2  3  4  5  6 |
---------------+-------------------+-----
Stealth        | 1 3 4 5 |  5.0
Unarmed Combat | 4 |  4.9
Shapeshifting  | 4 |  4.1
Fighting       | |  1.4
Dodging        | |  2.6

Action                     |  1- 3 |  4- 6 || total
---------------------------+-------+-------++-------
  Melee: Unarmed           |    62 |    89 ||   151
         Constrict         |    15 |    23 ||    38
         Tentacles         |     9 |    19 ||    28
         Punch             |     3 |     5 ||     8
   Stab: Sleeping          |     9 |    12 ||    21
         Distracted        |     1 |     1 ||     2
 Armour: Skin              |    21 |    45 ||    66
  Dodge: Dodged            |    18 |    51 ||    69
   Form: Beast             |     1 |       ||     1

Table legend: (Time is in decaauts)
 A = Elapsed time spent in this place.
 B = Non-inter-level travel time spent in this place.
 C = Inter-level travel time spent in this place.
 D = Time resting spent in this place.
 E = Time spent auto-exploring this place.
 F = Levels seen in this place.
 G = Mean time per level.
                   A        B        C        D        E       F      G
               +--------+--------+--------+--------+--------+-----+--------+
         Total |   3830 |   3809 |     21 |    634 |   2456 |   5 |  766.0 |
       Dungeon |   3830 |   3809 |     21 |    634 |   2456 |   5 |  766.0 |
               +--------+--------+--------+--------+--------+-----+--------+

Top non-repeatable levels by time:
     D:1: 1035 daAuts
     D:2: 1002 daAuts
     D:4: 888 daAuts
     D:3: 600 daAuts
     D:5: 303 daAuts
